 Dungeon Crawl Stone Soup version 0.24.0-41-g2ae2f7f1be (webtiles) character file.

Game seed: 601138712994367967, levelgen mode: deterministic

7779 ithillserisiriel the Cleaver (level 11, -4/88 HPs)
             Began as a Deep Dwarf Fighter on Dec 10, 2019.
             Was a Priest of Makhleb.
             Slain by an orc knight
             ... wielding a +3 great sword
              (19 damage)
             ... on level 2 of the Orcish Mines.
             The game lasted 00:56:29 (9889 turns).

ithillserisiriel the Cleaver (Deep Dwarf Fighter)   Turns: 9889, Time: 00:56:30

Health: -4/88      AC: 18    Str: 27    XL:     11   Next: 1%
Magic:  9/9        EV:  7    Int: 10    God:    Makhleb [***...]
Gold:   1029       SH: 13    Dex: 12    Spells: 10/10 levels left

rFire    + . .     SeeInvis .   C - +2 hand axe (chop)
rCold    + . .     Gourm    .   c - +1 shield
rNeg     . . .     Faith    .   A - +0 plate armour
rPois    .         Spirit   .   (no helmet)
rElec    .         Reflect  .   K - scarf {rC+ rF+}
rCorr    .         Harm     .   (no gloves)
MR       +....                  r - +1 pair of boots
Stlth    ..........             (no amulet)
HPRegen  0.00/turn              o - ring of stealth
MPRegen  0.11/turn              i - +3 ring of protection

@: mighty, non-regenerating
A: damage resistance, heal wounds, sense surroundings 2, no regeneration
a: Heal Wounds, Minor Destruction, Lesser Servant of Makhleb, Renounce Religion


You were on level 2 of the Orcish Mines.
You worshipped Makhleb.
Makhleb was most pleased with you.
You were not hungry.

You visited 3 branches of the dungeon, and saw 14 of its levels.
You also visited: Ossuary.

You collected 1029 gold pieces.

Inventory:

Hand Weapons
 y - the +0 hand axe of Veozamuz {protect, rPois rC- Str+9 Int-3}
   (You found it on level 6 of the Dungeon)

   It grants its wielder temporary protection when it strikes (+7 to AC).
   It affects your strength (+9).
   It affects your intelligence (-3).
   It makes you vulnerable to cold.
   It protects you from poison.
 C - a +2 hand axe of chopping (weapon)
Armour
 c - a +1 shield (worn)
 r - a +1 pair of boots (worn)
 A - a +0 plate armour (worn)
 F - a +1 pair of gloves of archery
 G - a +0 robe of magic resistance
 K - a scarf of resistance (worn)
Jewellery
 i - a +3 ring of protection (right hand)
 k - an uncursed ring of fire
 m - an uncursed ring of positive energy
 o - a ring of stealth (left hand)
 p - an uncursed amulet of harm
 x - an uncursed ring of ice {unknown}
Wands
 n - a wand of disintegration (34)
 E - a wand of iceblast (7)
 H - a wand of scattershot (2)
Scrolls
 j - 2 scrolls of fog
 l - 4 scrolls of blinking
 s - 3 scrolls of teleportation
 u - 2 scrolls of magic mapping
 v - 8 scrolls of remove curse
 z - a scroll of enchant weapon
Potions
 a - a potion of mutation {unknown}
 g - 3 potions of lignification {unknown}
 q - 3 potions of degeneration {unknown}
 t - 2 potions of invisibility {unknown}
 B - a potion of ambrosia {unknown}
 D - 2 potions of agility
 I - 2 potions of flight {unknown}
 J - 2 potions of curing
Comestibles
 f - 9 rations


   Skills:
 - Level 2.6 Fighting
 * Level 13.2 Axes
 + Level 7.2 Armour
 - Level 3.5 Dodging
 - Level 8.0 Stealth
 + Level 8.5 Shields


You had 10 spell levels left.
You didn't know any spells.
Your spell library contained the following spells:

 Spells                   Type           Power        Failure   Level  Hunger
 Poisonous Vapours        Pois/Air       #.....       100%        2    ###....
 Conjure Flame            Conj/Fire      #.......     100%        3    ####...
 Mephitic Cloud           Conj/Pois/Air  #.......     100%        3    ####...
 Freezing Cloud           Conj/Ice/Air   #.........   100%        6    #######
 Ring of Flames           Chrm/Fire      #.........   100%        7    #######


Dungeon Overview and Level Annotations

Branches:
Dungeon (11/15)            Temple (1/1) D:7             Orc (2/2) D:10
Ossuary (visited)
   Lair: D:8-11         Elf: Orc:2

Altars:
Ashenzari
Cheibriados
Dithmenos
Elyvilon
Fedhas
Gozag
Hepliaklqana
Kikubaaqudgha
Makhleb
Nemelex Xobeh
Okawaru
Qazlal
Ru
Sif Muna
Trog
Uskayaw
Vehumet
Wu Jian
Xom
Yredelemnul
Zin
The Shining One

Shops:
D:8 *


Innate Abilities, Weirdness & Mutations

You are resistant to damage.
You can heal yourself by infusing magical energy.
You passively map the area around you.
You do not regenerate.


Message History

The orcs go into a battle-frenzy!
You closely miss the orc knight.
The orc knight is moderately wounded.
You hit the orc warrior. You closely miss the warg.
You block the warg's attack.
The orc warrior hits you with a +0 battleaxe!!
The orc knight hits you with a +3 great sword!
* * * LOW HITPOINT WARNING * * *
You feel much better. You block the warg's attack.
The warg bites you but does no damage.
The orc warrior hits you with a +0 battleaxe!!
As you read the scroll of fog, it crumbles to dust.
The scroll dissolves into smoke.
You block the orc knight's attack. You block the warg's attack.
You feel very mighty all of a sudden. You block the warg's attack.
The orc warrior hits you with a +0 battleaxe!!
* * * LOW HITPOINT WARNING * * *
The orc knight hits you with a +3 great sword!!
You die...

, ,, , ,
,,,,........#.... ,
, ....
.........†... * *
*#..#*####....#..#.
, , #..# ,
#...#....# * ** *
*#..# ,#..###..##
,,...#,, ,#..,
####. , , ,
#oo##+###., * #. ,
* #ho§..... #. ,, ,
,, #@# ,, , ##
.###o###o# # * ,


..oooh)hh# . .### ,, .###.###o# ,#..#....#. * , * #, #.# , #..##..... ** * *
###.###.#######..#...... ,, ,,......................## ,
.......................# * * *######....#............. You could see an orc
knight, 3 wargs, 2 orc warriors and an orc.

Vanquished Creatures
  A two-headed ogre (D:10)
  Nergalle (D:10)
  Pikel (D:7)
  2 orc sorcerers (D:8)
  2 trolls
  Eustachio (D:5)
  A hungry ghost (D:8)
  3 wargs
  2 ice beasts
  8 orc warriors
  4 slaves (D:7)
  A phantom (D:10)
  A necrophage (D:10)
  7 ogres
  2 centaurs
  5 bullfrogs
  3 scorpions (D:5)
  4 killer bees (D:7)
  2 bullfrog zombies
  2 crimson imps
  A quasit (D:10)
  8 hounds
  2 jellies (D:7)
  8 orc wizards
  10 orc priests
  A centaur skeleton (D:5)
  A gnoll shaman (D:6)
  An iguana (D:4)
  6 worker ants
  5 big kobold zombies (Ossuary)
  A hound skeleton (D:7)
  3 mummies
  Robin (D:3)
  4 gnolls (D:6)
  A howler monkey skeleton (D:6)
  12 adders
  2 shadow imps
  An ooze (D:4)
  An adder skeleton (D:6)
  3 worms
  4 dart slugs
  5 leopard geckos
  52 orcs
  4 spectral bats (Ossuary)
  4 giant cockroaches
  17 goblins
  9 hobgoblins
  10 jackals
  2 quokkas
  A ball python (D:1)
  7 bats
  2 frilled lizards
  7 gnoll zombies (Ossuary)
  3 goblin simulacra (Ossuary)
  A goblin zombie (Ossuary)
  10 hobgoblin zombies
  2 jackal skeletons
  6 kobolds
  5 kobold simulacra (Ossuary)
  8 kobold zombies
  2 leopard gecko skeletons
  A leopard gecko zombie (D:7)
  5 orc zombies
  7 rats
  3 rat simulacra (Ossuary)
  2 spectral goblins (Ossuary)
  4 spectral kobolds (Ossuary)
  6 spectral rats (Ossuary)
314 creatures vanquished.

Vanquished Creatures (others)
  An orc wizard (D:6)
1 creature vanquished.

Grand Total: 315 creatures vanquished

Notes
Turn   | Place    | Note
-------+----------+-------------------------------------------
     0 | D:1      | ithillserisiriel the Deep Dwarf Fighter began the quest for
                  | the Orb.
     0 | D:1      | Reached XP level 1. HP: 20/20 MP: 1/1
   192 | D:1      | Reached XP level 2. HP: 27/27 MP: 2/2
   204 | D:1      | Reached skill level 1 in Stealth
  1102 | D:2      | Reached skill level 3 in Axes
  1102 | D:2      | Reached XP level 3. HP: 29/33 MP: 3/3
  1124 | D:2      | Found a faded altar of an unknown god.
  1171 | D:2      | Found an ancient bone altar of Kikubaaqudgha.
  1508 | D:2      | Reached XP level 4. HP: 22/40 MP: 4/4
  1590 | D:2      | Noticed an ogre
  1603 | D:2      | Killed an ogre
  1603 | D:2      | Reached skill level 4 in Axes
  1603 | D:2      | Reached XP level 5. HP: 4/46 MP: 5/5
  1776 | D:3      | Noticed Robin
  1808 | D:3      | Killed Robin
  1813 | D:3      | Reached skill level 5 in Axes
  1866 | D:3      | Found an iron altar of Okawaru.
  2119 | D:4      | Reached XP level 6. HP: 26/55 MP: 5/5
  2263 | D:4      | Found a sand-covered staircase.
  2270 | Ossuary  | Entered an ossuary
  2330 | Ossuary  | Reached skill level 1 in Dodging
  2504 | Ossuary  | Reached skill level 6 in Axes
  2876 | D:5      | Entered Level 5 of the Dungeon
  2971 | D:3      | Found a sparkling altar of Nemelex Xobeh.
  3116 | D:4      | Reached XP level 7. HP: 45/61 MP: 6/6
  3435 | D:4      | Found a blossoming altar of Fedhas.
  3767 | D:5      | Reached skill level 7 in Axes
  3833 | D:5      | Found a shattered altar of Ashenzari.
  3990 | D:5      | Noticed Eustachio
  4037 | D:5      | Killed Eustachio
  4037 | D:5      | Reached skill level 5 in Shields
  4305 | D:5      | Reached skill level 8 in Axes
  4308 | D:5      | Found a burning altar of Makhleb.
  4335 | D:5      | Found a hide-covered altar of Uskayaw.
  4349 | D:5      | Became a worshipper of Makhleb the Destroyer
  4403 | D:5      | Found a hazy altar of Hepliaklqana.
  4414 | D:5      | Reached XP level 8. HP: 61/68 MP: 6/6
  4851 | D:6      | Got a steaming hand axe
  4860 | D:6      | Identified the cursed +0 hand axe of Veozamuz {protect,
                  | rPois rC- Str+9 Int-3} (You found it on level 6 of the
                  | Dungeon)
  5329 | D:6      | Reached skill level 5 in Stealth
  5383 | D:6      | Reached skill level 9 in Axes
  5650 | D:7      | Found a stormy altar of Qazlal.
  5666 | D:8      | Found an opulent altar of Gozag.
  5666 | D:8      | Found Gozag's Platinum Reserve.
  5797 | D:7      | Noticed Pikel
  5833 | D:7      | Killed Pikel
  5833 | D:7      | Reached skill level 5 in Armour
  5833 | D:7      | Gained mutation: You passively map the area around you.
                  | [Deep Dwarf growth]
  5833 | D:7      | Reached XP level 9. HP: 28/74 MP: 7/7
  5850 | D:7      | Found a staircase to the Ecumenical Temple.
  5856 | Temple   | Entered the Ecumenical Temple
  6027 | D:7      | Reached * piety under Makhleb
  6027 | D:7      | Reached skill level 10 in Axes
  6094 | D:7      | HP: 2/74 [orc warrior/+0 halberd of protection (9)]
  6254 | D:7      | Found a glowing silver altar of Zin.
  6480 | D:8      | Noticed an orc sorcerer
  6480 | D:8      | Noticed an orc sorcerer
  6966 | D:8      | Noticed a hellwing
  6967 | D:8      | Killed an orc sorcerer
  6967 | D:8      | Reached skill level 11 in Axes
  7056 | D:8      | Found a white marble altar of Elyvilon.
  7223 | D:8      | Killed an orc sorcerer
  7223 | D:8      | Reached XP level 10. HP: 51/81 MP: 8/8
  7316 | D:8      | Found a snail-covered altar of Cheibriados.
  7428 | D:8      | Reached ** piety under Makhleb
  8053 | D:10     | Entered Level 10 of the Dungeon
  8728 | D:10     | Reached skill level 12 in Axes
  8759 | D:10     | Noticed a two-headed ogre
  8773 | D:10     | Killed a two-headed ogre
  8910 | D:10     | Found a staircase to the Orcish Mines.
  9031 | D:10     | Noticed Nergalle
  9033 | D:11     | Noticed a skeletal warrior
  9033 | D:11     | Noticed a skeletal warrior
  9033 | D:11     | Noticed a skeletal warrior
  9033 | D:11     | Noticed a skeletal warrior
  9072 | D:10     | Killed Nergalle
  9243 | Orc:1    | Entered Level 1 of the Orcish Mines
  9282 | Orc:1    | Reached *** piety under Makhleb
  9288 | Orc:1    | Reached skill level 13 in Axes
  9514 | Orc:2    | Entered Level 2 of the Orcish Mines
  9761 | Orc:2    | Reached XP level 11. HP: 67/88 MP: 9/9
  9801 | Orc:1    | Noticed an orc warlord
  9859 | Orc:2    | Noticed an orc knight
  9889 | Orc:2    | Slain by an orc knight

Levels and vault maps discovered:
D:1:      evilmike_arrival_crescent, layout_loops_cross
D:2:      layout_basic, lemuel_round_altar, chequers_ecumenical_altar_simple
D:3:      layout_rooms, lemuel_doored_altar, nemelex_spade_bored_becter,
          uniq_robin
D:4:      layout_basic, kennysheep_mini_moat, first_ration,
          nicolae_ossuary_entry_giza, item_on_display_a
D:5:      layout_rooms, old_standard_altar, ashenzari_conservatory_becter,
          minitemple, serial_co_window_serial, co_window_paths_b,
          co_window_corner_a, co_window_cross_1, co_window_paths_a,
          co_window_of_opportunity_a, co_window_of_opportunity_a,
          co_window_paths_a, co_window_2corner, co_window_2corner,
          co_window_corner_b, co_window_broadway_a, co_window_2corner,
          co_window_paths_e, glass_columns_a, glass_columns_a, glass_columns_b,
          uniq_eustachio
D:6:      layout_basic
D:7:      layout_cave_pods, grunt_qazlal_clouds, marbit_many_paths,
          minmay_temple_entry_waves, uniq_pikel
D:8:      cheibrodos_wizards_tower, layout_layer_cave,
          nicolae_overflow_crystal_walls, nicolae_gozag_zags_fifth_avenue,
          lemuel_crystal_altar, minmay_mini_ossuary
D:9:      layout_cave_pools
D:10:     layout_loops_ring, erik_orc_4, uniq_nergalle
D:11:     minmay_the_grid_octo_triangle [minmay_the_grid_octo_concentric,
          minmay_the_grid_octo_prize_single_spiral,
          minmay_the_grid_octo_tetromino_candy], layout_irregular_city,
          erik_lair_orcish_takeover
Temple:   compressed_dpeg_circular_temple
Orc:1:    layout_diamond_mine
Orc:2:    st_orc_town, layout_caves

Skill      XL: |  1  2  3  4  5  6  7  8  9 10 |
---------------+-------------------------------+-----
Stealth        | 1 2 3 4 5 7 8 |  8.0
Axes           | 3 4 5 6 8 9 11 13 | 13.2
Shields        | 4 5 6 7 8 |  8.5
Dodging        | 1 2 3 |  3.5
Armour         | 4 5 6 7 |  7.2
Fighting       | |  2.6

Action                   |  1- 3 |  4- 6 |  7- 9 | 10-12 || total
-------------------------+-------+-------+-------+-------++-------
Melee: War axe           |   110 |   277 |   131 |       ||   518
       Hand axe          |       |       |   341 |   404 ||   745
Invok: Minor Destruction |       |       |       |     1 ||     1
 Abil: Heal Wounds       |       |     5 |     8 |     6 ||    19
  Use: Scroll            |     6 |     9 |     5 |     5 ||    25
       Potion            |     1 |     1 |    11 |     6 ||    19
 Stab: Sleeping          |       |     9 |     5 |       ||    14
  Eat: Ration            |     1 |     2 |     3 |     3 ||     9
       Chunk             |       |       |     3 |       ||     3
Armor: Scale mail        |    75 |    93 |   198 |       ||   366
       Plate armour      |       |       |    51 |   128 ||   179
Dodge: Dodged            |    37 |    80 |   164 |    75 ||   356
Block: Shield            |    78 |   141 |   281 |   198 ||   698
